 Dungeon Crawl Stone Soup version 0.18.1-48-g4cf74bf (webtiles) character file.

213 negitausen the Skirmisher (level 5, -9/63 HPs)
             Began as a Demonspawn Berserker on Sept 11, 2016.
             Was a Priest of Trog.
             Killed by nerve-wracking pain
             ... invoked by a shadow imp
             ... summoned by Eustachio
              (13 damage)
             ... on level 4 of the Dungeon.
             The game lasted 00:15:24 (2498 turns).

negitausen the Skirmisher (Demonspawn Berserker)    Turns: 2498, Time: 00:15:25

Health: -9/63      AC: 11    Str: 23 (24) XL:     5   Next: 59%
Magic:  5/5        EV: 11    Int:  7 (8)  God:    Trog [***...]
Gold:   101        SH:  3    Dex: 10 (12) Spells: 0 memorised, 4 levels left

rFire  . . .     SeeInvis .     a - +0 falchion
rCold  . . .     Gourm    .     i - +0 scale mail
rNeg   + . .     Faith    .     (no shield)
rPois  .         Spirit   .     (no helmet)
rElec  .         Dismiss  .     (no cloak)
rCorr  .         Reflect  .     g - +0 pair of gloves
SustAt .         Harm     .     l - +0 pair of boots
MR     .....                    (no amulet)
Stlth  ..........               n - ring of wizardry
                                f - ring of positive energy

@: berserking, very slightly contaminated, very quick, not resistant to hostile
enchantments, extremely unstealthy
A: large bone plates 2, powered by pain 1
a: Berserk, Trog's Hand, Burn Spellbooks, Renounce Religion


You were on level 4 of the Dungeon.
You worshipped Trog.
Trog was most pleased with you.
You were not hungry.

You visited 1 branch of the dungeon, and saw 4 of its levels.

You collected 101 gold pieces.

Inventory:

Hand Weapons
 a - a +0 falchion (weapon)
 p - a +1 dagger of venom
 q - a +1 dagger of protection
 t - a +0 long sword
Missiles
 h - 45 stones (quivered)
 r - 7 javelins
Armour
 b - a +0 animal skin
 g - a +0 pair of gloves (worn)
 i - a +0 scale mail (worn)
 j - a +0 scale mail
 l - a +0 pair of boots (worn)
Jewellery
 f - a ring of positive energy (left hand)
 n - a ring of wizardry (right hand)
Scrolls
 o - 2 scrolls of magic mapping
 s - 2 scrolls of remove curse
 u - a scroll of amnesia {unknown}
 w - a scroll of noise
Potions
 e - a potion of berserk rage
 k - 2 potions of brilliance
Comestibles
 c - a bread ration
 d - a meat ration
 m - 2 royal jellies


   Skills:
 + Level 4.1 Fighting
 + Level 3.9 Long Blades
 + Level 2.6 Armour
 + Level 3.1 Dodging


You had 4 spell levels left.
You didn't know any spells.

Dungeon Overview and Level Annotations

Branches:
Dungeon (4/15)
 Temple: D:4-7

Altars:
Makhleb
Nemelex Xobeh
Qazlal
Ru

Annotations:
D:4 Eustachio


Innate Abilities, Weirdness & Mutations

You are mostly covered in large bone plates (AC +3, SH +3).
You sometimes gain a little power by taking damage.


Message History

Eustachio barely misses you. The bat hits you but does no damage. x2
The shadow imp closely misses you.
You slash Eustachio!
Eustachio is severely wounded.
The bat closely misses you. x2; The ufetubus closely misses you. x2
The quasit bites you.
* * * LOW HITPOINT WARNING * * *
The quasit claws you but does no damage.
The quasit misses you. The bat barely misses you. You block the bat's attack.
You slash Eustachio!
Eustachio is almost dead.
The bat closely misses you. x2; The ufetubus misses you.
You block the ufetubus's attack.
The quasit bites you but does no damage.
The quasit claws you but does no damage.
The quasit closely misses you. The bat hits you but does no damage.
Eustachio hits you but does no damage. The shadow imp gestures at you.
Pain shoots through your body!
You die...

....... ## ## ..........
.... .......>.# $..#
.......##...## ............#
#..#.......#
######.#†......#
........5@5....#
#######.#@5....##
........bbb......
#########......##
#≈≈≈#......# #
#≈_≈#.########.####
#...#.............. .
#.≈.#.............)
.###+#####...#..............
.......##.≈.#...............


You could see Eustachio, a quasit, a shadow imp, an ufetubus and 3 bats.

Vanquished Creatures
  An ogre (D:4)
  Terence (D:2)
  A gnoll (D:1)
  An adder (D:2)
  3 worms
  3 dart slugs
  5 giant geckos
  4 orcs (D:3)
  2 ball pythons
  2 giant cockroaches
  5 goblins
  7 hobgoblins
  2 jackals (D:4)
  4 kobolds
  A quokka (D:3)
  8 bats
  6 giant newts
  13 rats
69 creatures vanquished.

Notes
Turn   | Place    | Note
--------------------------------------------------------------
     0 | D:1      | negitausen the Demonspawn Berserker began the quest for the Orb.
     0 | D:1      | Reached XP level 1. HP: 18/18 MP: 1/1
    13 | D:1      | Gained mutation: You are partially covered in large bone plates (AC +2, SH +2). [demonic ancestry]
    13 | D:1      | Reached XP level 2. HP: 24/24 MP: 2/2
   327 | D:1      | Reached ** piety under Trog
   419 | D:2      | Gained mutation: You are mostly covered in large bone plates (AC +3, SH +3). [demonic ancestry]
   419 | D:2      | Reached XP level 3. HP: 27/30 MP: 3/3
   468 | D:2      | Noticed Terence
   481 | D:2      | Killed Terence
   504 | D:2      | Gained mutation: You sometimes gain a little power by taking damage. [demonic ancestry]
   504 | D:2      | Reached XP level 4. HP: 17/37 MP: 4/4
  1012 | D:2      | Found a stormy altar of Qazlal.
  1789 | D:3      | Found a burning altar of Makhleb.
  1789 | D:3      | Found a sparkling altar of Nemelex Xobeh.
  1943 | D:3      | Reached *** piety under Trog
  2335 | D:4      | Noticed an ogre
  2342 | D:4      | Killed an ogre
  2342 | D:4      | Reached skill level 4 in Fighting
  2342 | D:4      | Reached XP level 5. HP: 19/42 MP: 5/5
  2439 | D:4      | Found a sacrificial altar of Ru.
  2478 | D:4      | Noticed Eustachio
  2498 | D:4      | Killed from afar by a shadow imp

Skill      XL: |  1  2  3  4 |
---------------+-------------+-----
Dodging        | 2 3 |  3.1
Long Blades    | 3 |  3.9
Armour         | 2 |  2.6
Fighting       | 4 |  4.1

Action                   |  1- 3 |  4- 6 || total
-------------------------+-------+-------++-------
Melee: Falchion          |    70 |   176 ||   246
Invok: Berserk           |       |     1 ||     1
  Use: Scroll            |     4 |     2 ||     6
       Potion            |     2 |     4 ||     6
  Eat: Bread ration      |       |     1 ||     1
       Meat ration       |       |     1 ||     1
Armor: Animal skin       |    18 |       ||    18
       Scale mail        |       |   124 ||   124
Dodge: Dodged            |    55 |   119 ||   174
Block: Other             |     4 |    28 ||    32
